AoeStats
← maki

Enclosed

504606894Analyzed
1v1 RM · 27d ago on Sep 5, 2026· 59m 10s· 2 players
Game mode
Random Map
Map size
Tiny (2 player)
Population
200
Speed
Normal
Resources
Standard
Victory
Conquest
Starting age
Dark Age
Ending age
Imperial Age
RankedLock teamsTeams togetherTeam positionsShared explorationLock speedFull tech treeHidden civsTurbo modeCheats
Victory
Defeat
🇨🇴 Maya · Colombia
1823
+25
🇩🇪 Burgundians · Germany
2059
-25
maki
3:21 Double-Bit Axe
6:05 Loom
8:53 Feudal Age
10:12 Bow Saw
11:43 Horse Collar
13:40 Fletching
14:26 Padded Archer Armor
21:03 Castle Age
20:19 Heavy Plow
20:10 Gold Mining
21:48 Bodkin Arrow
21:14 Elite Skirmisher
22:53 Leather Archer Armor
23:43 Ballistics
25:21 Gold Shaft Mining
25:24 Wheelbarrow
28:37 Stone Mining
30:31 Town Watch
35:18 Imperial Age
33:26 Hand Cart
33:36 Masonry
37:08 Chemistry
36:09 Bracer
37:51 Architecture
38:29 Husbandry
39:23 Light Cavalry
39:26 Cavalier
40:39 Scale Barding Armor
42:07 Burgundian Vineyards
43:07 Chain Barding Armor
42:39 Paladin
42:56 Light Cavalry
45:23 Hussar
50:50 Capped Ram
54:18 Plate Barding Armor
55:51 Forging
56:52 Conscription
VENÓN | Kevin
0:27 Loom
8:51 Feudal Age
9:11 Man-at-Arms
11:50 Town Watch
12:55 Fletching
14:16 Double-Bit Axe
16:07 Wheelbarrow
16:44 Forging
16:18 Horse Collar
20:56 Castle Age
19:08 Gold Mining
21:37 Bodkin Arrow
22:16 Crossbowman
23:45 Bow Saw
24:40 Hand Cart
28:48 Ballistics
27:52 Pikeman
28:33 Padded Archer Armor
32:41 Imperial Age
32:47 Thumb Ring
33:27 Bracer
32:53 Arbalester
34:26 Guard Tower
35:00 Eagle Warrior
37:54 Chemistry
37:22 Scale Mail Armor
39:08 Chain Mail Armor
39:03 Forging
40:29 Elite Eagle Warrior
42:13 Plate Mail Armor
43:11 Iron Casting
42:34 Pikeman
44:23 Keep
44:04 Elite Skirmisher
44:08 Halberdier
47:59 Squires
49:00 Town Patrol
51:00 Hul'che Javelineers
52:43 Stone Mining
52:39 Long Swordsman
53:22 Two-Handed Swordsman
54:23 Capped Ram
56:31 Holcans
56:22 Conscription
Connection lost

Rejoining the realm…

Still unreachable

The connection could not be restored.

Session expired

The server has moved on; the page needs a fresh start.